 Dungeon Crawl Stone Soup version 0.24.1-14-gf8d2b509d9 (webtiles) character file.

Game seed: 13051440634372710602, levelgen mode: deterministic

37 cstieg1 the Sneak (level 3, 0/31 HPs)
             Began as a Deep Elf Assassin on Apr 26, 2021.
             Slain by a kobold (2 damage)
             ... on level 2 of the Dungeon.
             The game lasted 00:02:36 (1023 turns).

cstieg1 the Sneak (Deep Elf Assassin)               Turns: 1023, Time: 00:02:36

Health: 0/31       AC: 21    Str:  9    XL:     3   Next: 23%
Magic:  6/6        EV:  2    Int: 15    God:
Gold:   48         SH:  0    Dex: 16    Spells: 4/4 levels left

rFire    . . .     SeeInvis .   a - +2 dagger
rCold    . . .     Gourm    .   (no shield)
rNeg     + + +     Faith    .   (armour currently unavailable)
rPois    +         Spirit   .   (helmet currently unavailable)
rElec    .         Reflect  .   (cloak currently unavailable)
rCorr    .         Harm     .   (gloves currently unavailable)
MR       .....     NoTele   +   (boots currently unavailable)
Stlth    +++.......             (no amulet)
HPRegen  0.10/turn              (no ring)
MPRegen  0.10/turn              (no ring)

@: tree-form
A: no striking features
a: no special abilities


You were on level 2 of the Dungeon.
You were not hungry.
You were a tree.
You visited 1 branch of the dungeon, and saw 2 of its levels.

You collected 48 gold pieces.

Inventory:

Hand Weapons
 a - a +2 dagger (weapon)
Missiles
 d - 4 poisoned darts (quivered)
 e - 2 curare-tipped darts
Armour
 b - a +0 robe (melded)
 c - a +0 cloak (melded)
Scrolls
 g - 2 scrolls of amnesia {unknown}
 h - a scroll of enchant armour {unknown}
 i - 2 scrolls of teleportation {unknown}
 j - a scroll of magic mapping {unknown}
 l - a scroll of identify {unknown}
Potions
 k - a potion of curing
 m - 2 potions of lignification
Comestibles
 f - 9 rations


   Skills:
 + Level 1.8 Fighting
 + Level 2.2 Short Blades
 + Level 2.3 Throwing
 + Level 1.6 Dodging
 * Level 5.5 Stealth
 + Level 1.1 Spellcasting


You had 4 spell levels left.
You didn't know any spells.
Your spell library was empty.

Dungeon Overview and Level Annotations

Branches:
Dungeon (2/15)

Altars:


Message History

The worm is almost dead.
The bat completely misses you. The kobold hits you but does no damage.
The worm bites you but does no damage.
You hit the worm but do no damage.
The worm is severely wounded.
The bat hits you but does no damage. The kobold hits you but does no damage.
You hit the worm.
The worm is almost dead.
The kobold hits you but does no damage. The worm bites you but does no damage.
The bat hits you but does no damage.
You hit the worm.
The worm is almost dead.
The bat hits you but does no damage. x2
The kobold hits you but does no damage.
You hit the worm but do no damage.
The worm is almost dead.
The bat hits you but does no damage. The worm bites you.
* * * LOW HITPOINT WARNING * * *
The kobold hits you.
You die...

h%.. .... ## ♣...
... ♣♣...♣ ..#
.....♣♣♣♣♣##...#
####.#...##♣w.(#
##.....#=.bK†####
##.......#..b##
#.........##.#
#...(.....##..#
##.........###..w
...........# ##..
#.....<..)# ...
##.......## ..


You could see a worm, 2 bats and a kobold.

Vanquished Creatures
  An adder (D:2)
  A dart slug (D:1)
  A leopard gecko (D:1)
  3 bats (D:1)
  2 giant cockroaches (D:1)
  5 goblins
  6 hobgoblins
  A frilled lizard (D:1)
  A kobold (D:1)
  A rat (D:1)
22 creatures vanquished.

Notes
Turn   | Place    | Note
-------+----------+-------------------------------------------
     0 | D:1      | cstieg1 the Deep Elf Assassin began the quest for the Orb.
     0 | D:1      | Reached XP level 1. HP: 12/12 MP: 3/3
   231 | D:1      | Reached skill level 5 in Stealth
   337 | D:1      | Reached XP level 2. HP: 17/17 MP: 4/4
   982 | D:2      | Reached skill level 1 in Spellcasting
   997 | D:2      | Reached XP level 3. HP: 8/21 MP: 6/6
  1010 | D:2      | HP: 1/31 [worm (4)]
  1023 | D:2      | Slain by a kobold

Levels and vault maps discovered:
D:1:      minmay_arrival_checkered_box, layout_rooms, hangedman_decor_riveting
D:2:      layout_rooms, fedhas_altar_fruit_tree

Skill      XL: |  1  2 |
---------------+-------+-----
Stealth        | 5 |  5.5
Spellcasting   | 1 |  1.1
Fighting       | |  1.8
Short Blades   | |  2.2
Throwing       | |  2.3
Dodging        | |  1.6

Action                   || total
-------------------------++-------
Melee: Dagger            ||    86
Throw: Dart              ||     6
  Use: Potion            ||     2
 Stab: Sleeping          ||     6
Armor: Robe              ||    17
       Skin              ||    64
Dodge: Dodged            ||    57
